 Dungeon Crawl Stone Soup version 0.18.1-47-g9310371 (webtiles) character file.

11835 Shtopit the Thaumaturge (level 11, 0/58 HPs)
             Began as a Deep Elf Conjurer on June 20, 2016.
             Was the Champion of Cheibriados.
             Slain by a wraith (9 damage)
             ... led by Josephine
             ... on level 10 of the Dungeon on June 21, 2016.
             The game lasted 01:11:39 (13466 turns).

Shtopit the Thaumaturge (Deep Elf Conjurer)        Turns: 13466, Time: 01:11:40

Health: 0/58       AC:  9    Str: 20    XL:     11   Next: 54%
Magic:  2/30       EV: 19    Int: 39    God:    Cheibriados [******]
Gold:   456        SH:  0    Dex: 30    Spells: 7 memorised, 19 levels left

rFire  . . .     SeeInvis .     K - +3 short sword of Xawk {holy, +Rage}
rCold  + . .     Gourm    .     T - +1 leather armour of Space {rC+ rN+}
rNeg   + . .     Faith    .     (no shield)
rPois  .         Spirit   .     A - +2 helmet
rElec  .         Dismiss  .     o - +0 cloak
rCorr  .         Reflect  .     (no gloves)
SustAt .         Harm     .     (no boots)
MR     ++++.                    a - amulet "Lorimyd" {MR++ Regen+}
Stlth  +++++.....               E - ring of protection from magic
                                x - ring of stealth

@: slowed, very slow, incredibly resistant to hostile enchantments, quite
stealthy
A: no striking features
a: Bend Time, Temporal Distortion, Slouch, Step From Time, Renounce Religion,
Evoke Berserk Rage


You were on level 10 of the Dungeon.
You worshipped Cheibriados.
Cheibriados was exalted by your worship.
You were not hungry.

You visited 1 branch of the dungeon, and saw 12 of its levels.

You collected 596 gold pieces.
You spent 140 gold pieces at shops.

Inventory:

Hand Weapons
 n - a +0 quarterstaff
 t - a +1 short sword of protection
 u - a +0 blowgun
 y - a cursed -2 hunting sling
 C - a +2 trident of venom
 K - the +3 short sword of Xawk (weapon) {holy, +Rage}
   (You found it on level 8 of the Dungeon)

   It has been blessed by the Shining One to cause great damage to the undead
   and demons.
   It lets you go berserk.
 L - a +1 vampiric dagger
Missiles
 k - 478 stones (quivered)
 v - 32 poisoned needles
 Q - 4 needles of sleeping
Armour
 o - a +0 cloak (worn)
 A - a +2 helmet (worn)
 N - the +3 robe of Clouds {+Fly rElec}
   (You took it off a crimson imp on level 8 of the Dungeon)

   It insulates you from electricity.
   It lets you fly.
 T - the +1 leather armour of Space (worn) {rC+ rN+}
   (You found it on level 8 of the Dungeon)

   It protects you from cold.
   It protects you from negative energy.
Jewellery
 a - the amulet "Lorimyd" (around neck) {MR++ Regen+}
   (You found it on level 8 of the Dungeon)

   [amulet of regeneration]

   It affects your resistance to hostile enchantments.
   It increases your rate of regeneration.
 x - a ring of stealth (left hand)
 E - a ring of protection from magic (right hand)
Wands
 G - a wand of digging (1/24)
Scrolls
 e - a scroll of magic mapping
 g - 2 scrolls of amnesia
 h - 3 scrolls of enchant armour
 j - 8 scrolls of remove curse
 p - a scroll of random uselessness
 F - 4 scrolls of recharging {unknown}
 H - 2 scrolls of fear {unknown}
 I - a scroll of fog
 J - a scroll of holy word
 S - 2 scrolls of brand weapon {unknown}
 U - a scroll of enchant weapon {unknown}
Potions
 f - 8 potions of curing
 i - a potion of flight
 m - 4 potions of lignification
 r - 3 potions of invisibility
 z - 2 potions of brilliance
 B - 2 potions of heal wounds
 P - a potion of degeneration
 R - 2 potions of ambrosia {unknown}
Books
 b - a book of Conjurations

   Spells                             Type                      Level
   a - Magic Dart                     Conjuration                  1
   b - Searing Ray                    Conjuration                  2
   c - Dazzling Spray                 Conjuration/Hexes            3
   d - Fulminant Prism                Conjuration/Hexes            4
   e - Iskenderun's Mystic Blast      Conjuration                  4
   f - Iskenderun's Battlesphere      Conjuration/Charms           5
 q - a book of the Dragon

   Spells                             Type                      Level
   a - Flame Tongue                   Conjuration/Fire             1
   b - Cause Fear                     Hexes                        4
   c - Bolt of Fire                   Conjuration/Fire             6
   d - Dragon Form                    Transmutation                7
   e - Dragon's Call                  Summoning                    9
 s - a book of Ice

   Spells                             Type                      Level
   a - Ice Form                       Ice/Transmutation            4
   b - Metabolic Englaciation         Hexes/Ice                    5
   c - Ozocubu's Refrigeration        Ice                          6
   d - Bolt of Cold                   Conjuration/Ice              6
   e - Freezing Cloud                 Conjuration/Ice/Air          6
   f - Simulacrum                     Ice/Necromancy               6
 M - a book of Party Tricks

   Spells                             Type                      Level
   a - Summon Butterflies             Summoning                    1
   b - Apportation                    Translocation                1
   c - Tukima's Dance                 Hexes                        3
   d - Alistair's Intoxication        Transmutation/Poison         5
   e - Invisibility                   Hexes                        6
 O - a book of Maledictions

   Spells                             Type                      Level
   a - Corona                         Hexes                        1
   b - Ensorcelled Hibernation        Hexes/Ice                    2
   c - Confuse                        Hexes                        3
   d - Tukima's Dance                 Hexes                        3
   e - Dazzling Spray                 Conjuration/Hexes            3
Comestibles
 c - 6 bread rations
 d - 5 meat rations
 w - 8 slices of pizza
 D - a beef jerky
 W - a royal jelly


   Skills:
 + Level 2.4 Fighting
 - Level 1.1 Short Blades
 + Level 0.7 Polearms
 - Level 4.9 Armour
 + Level 6.4 Dodging
 + Level 5.5 Stealth
 + Level 13.0 Spellcasting
 + Level 11.9 Conjurations
 + Level 3.5 Hexes
 * Level 6.5 Transmutations


You had 19 spell levels left.
You knew the following spells:

 Your Spells              Type           Power        Failure   Level  Hunger
a - Magic Dart            Conj           ####         0%          1    None
b - Searing Ray           Conj           ######       1%          2    None
c - Iskenderun's Mystic   Conj           #######.     1%          4    None
d - Fulminant Prism       Conj/Hex       ######....   1%          4    None
e - Ice Form              Ice/Trmt       ######..     4%          4    None
f - Apportation           Tloc           ####......   1%          1    None
g - Summon Butterflies    Summ           ####....     1%          1    None


Dungeon Overview and Level Annotations

Branches:
Dungeon (12/15)            Temple (0/1) D:7            Lair (0/8) D:11
    Orc: D:9-12

Altars:
Ashenzari
Cheibriados
Dithmenos
Elyvilon
Makhleb
Nemelex Xobeh
Okawaru
Pakellas
Qazlal
Sif Muna
Trog
Xom
Yredelemnul
The Shining One

Shops:
D:10 ?

Annotations:
D:11 exclusion: oklob plant
D:12 Frances


Message History

Okay, then.
Casting: Iskenderun's Mystic Blast
Confirm with . or Enter, or press ? or * to list all spells.
Aiming: Iskenderun's Mystic Blast
Press: ? - help, Shift-Dir - straight line, f/p - wraith
Aim: a wraith Really fire in your butterfly's direction?
Uppercase [Y]es or [N]o only, please.
Really fire in your butterfly's direction?
The orb of energy hits the wraith.
The wraith is severely damaged.
The orb of energy explodes!
The mystic blast hits the wraith.
You destroy the wraith!
Cheibriados appreciates the change of pace.
The mystic blast hits your butterfly.
You kill your butterfly!
The wraith hits you.
* * * LOW HITPOINT WARNING * * *
The wraith hits you!
You die...

...............##.#
........##.###.##.#
.####.#.##.# #.##.#
.####.#.##.###.##.#
.......>##........### #.
#####+########......# #.
##...## ######.# #.###
##.....## ### #.# #.#.##
##......@## ##.###.#
#....####......W..####^..##[#
........'.........'.......#.#
##...####.........####...##.#
###.######.......## ##.###)#
.........##.....## #####.#
.##.####.###...########.....#
#.## #.# ##...........#####
#..# #.# #..#######..#


You could see a wraith.

Vanquished Creatures
  Josephine (D:10)
  An obsidian statue (D:8)
  An orange crystal statue (D:8)
  A hill giant (D:10)
  A deep elf mage (D:12)
  2 ugly things
  A cyclops (D:12)
  Maurice (D:8)
  A troll (D:9)
  Grinder (D:6)
  Sigmund (D:3)
  The ghost of Oakoak the Ducker, an amateur TrBe of Trog (D:3)
  A shadow (D:12)
  3 wraiths (D:10)
  A vampire (D:9)
  A spriggan (D:9)
  A wyvern (D:12)
  A steam dragon (D:9)
  A human (D:12)
  A hippogriff (D:9)
  2 wargs (D:12)
  A necrophage (D:11)
  An ice beast (D:5)
  3 sky beasts
  2 orc warriors (D:7)
  5 phantoms
  A wasp (D:8)
  6 ogres
  5 centaurs
  2 crocodiles
  7 giant frogs
  A wyvern zombie (D:9)
  2 scorpions
  5 killer bees (D:11)
  8 wights
  A howler monkey (D:6)
  9 crimson imps
  A jelly (D:8)
  4 hounds
  A centaur zombie (D:5)
  A giant frog skeleton (D:10)
  4 giant frog zombies
  9 orc priests
  3 centaur skeletons
  5 iguanas
  12 orc wizards
  3 worker ants
  2 hound zombies
  3 hound skeletons
  Robin (D:4)
  A worker ant zombie (D:11)
  12 adders
  3 shadow imps
  2 adder skeletons
  3 worms
  6 giant geckos
  46 orcs
  3 bats
  8 giant cockroaches
  24 goblins
  12 hobgoblins
  19 jackals
  5 kobolds
  3 quokkas
  A giant cockroach zombie (D:3)
  A giant newt (D:2)
  2 quokka skeletons (D:4)
  A quokka zombie (D:8)
  6 rats
  A spectral orc (D:2)
  A fulminant prism (D:8)
293 creatures vanquished.

Vanquished Creatures (others)
  40 fulminant prisms
40 creatures vanquished.

Grand Total: 333 creatures vanquished

Notes
Turn   | Place    | Note
--------------------------------------------------------------
     0 | D:1      | Shtopit the Deep Elf Conjurer began the quest for the Orb.
     0 | D:1      | Reached XP level 1. HP: 10/10 MP: 6/6
   384 | D:1      | Reached XP level 2. HP: 15/15 MP: 4/8
   388 | D:1      | Learned a level 2 spell: Searing Ray
   933 | D:1      | Reached skill level 5 in Conjurations
  1415 | D:2      | Found a basalt altar of Yredelemnul.
  1588 | D:2      | Reached XP level 3. HP: 19/19 MP: 7/10
  2326 | D:3      | Noticed Oakoak's ghost (amateur TrBe)
  2471 | D:4      | Reached XP level 4. HP: 12/24 MP: 4/11
  2700 | D:4      | Noticed a phantom
  2738 | D:4      | Killed a phantom
  2738 | D:4      | Reached skill level 4 in Spellcasting
  2738 | D:4      | Reached XP level 5. HP: 20/28 MP: 0/13
  2851 | D:4      | You fall through a shaft for 2 floors!
  2936 | D:6      | Noticed an ogre
  2946 | D:5      | Entered Level 5 of the Dungeon
  2946 | D:5      | Found a snail-covered altar of Cheibriados.
  2980 | D:5      | Killed an ogre
  2980 | D:5      | Reached XP level 6. HP: 25/32 MP: 9/15
  3179 | D:5      | Became a worshipper of Cheibriados the Contemplative
  3339 | D:4      | Reached skill level 5 in Spellcasting
  3439 | D:4      | Learned a level 4 spell: Iskenderun's Mystic Blast
  3444 | D:4      | Learned a level 4 spell: Fulminant Prism
  3504 | D:4      | Found a sparkling altar of Nemelex Xobeh.
  3838 | D:4      | Reached * piety under Cheibriados
  3900 | D:4      | Noticed Robin
  3906 | D:4      | Killed Robin
  4244 | D:4      | Reached ** piety under Cheibriados
  4524 | D:3      | Noticed Sigmund
  4527 | D:3      | Killed Sigmund
  4527 | D:3      | Reached skill level 1 in Fighting
  4527 | D:3      | Reached skill level 6 in Spellcasting
  4527 | D:3      | Reached XP level 7. HP: 33/38 MP: 0/18
  4918 | D:3      | Killed Oakoak's ghost
  4918 | D:3      | Reached skill level 1 in Short Blades
  4954 | D:3      | Reached skill level 1 in Hexes
  5243 | D:3      | Reached *** piety under Cheibriados
  5586 | D:5      | Reached skill level 7 in Spellcasting
  5610 | D:5      | Reached XP level 8. HP: 35/43 MP: 2/20
  5949 | D:5      | Found a white marble altar of Elyvilon.
  6157 | D:5      | Reached skill level 1 in Armour
  6157 | D:5      | Reached skill level 5 in Stealth
  6239 | D:5      | Reached skill level 8 in Spellcasting
  6499 | D:5      | Reached **** piety under Cheibriados
  6657 | D:5      | Found an oddly glowing altar of Pakellas.
  6739 | D:5      | Found a shadowy altar of Dithmenos.
  6849 | D:6      | Noticed Grinder
  6853 | D:6      | Killed Grinder
  6855 | D:6      | Reached skill level 9 in Spellcasting
  6988 | D:6      | Reached XP level 9. HP: 44/48 MP: 15/24
  7711 | D:6      | Reached ***** piety under Cheibriados
  7743 | D:6      | Learned a level 4 spell: Ice Form
  7893 | D:6      | Found a deep blue altar of Sif Muna.
  7896 | D:6      | Found a stormy altar of Qazlal.
  7954 | D:7      | Reached skill level 5 in Dodging
  8295 | D:7      | Reached skill level 1 in Transmutations
  8421 | D:7      | Reached skill level 10 in Spellcasting
  8855 | D:7      | Found a staircase to the Ecumenical Temple.
  8979 | D:7      | Found a bloodstained altar of Trog.
  9643 | D:8      | Noticed Maurice
  9650 | D:8      | Killed Maurice
  9650 | D:8      | Reached skill level 10 in Conjurations
  9710 | D:8      | Reached XP level 10. HP: 53/53 MP: 11/26
  9726 | D:8      | Got a steaming pewter amulet
  9727 | D:8      | Identified the amulet "Lorimyd" {MR++ Regen+} (You found it on level 8 of the Dungeon)
  9902 | D:8      | Got a fine short sword
  9903 | D:8      | Identified the +3 short sword of Xawk {holy, +Rage} (You found it on level 8 of the Dungeon)
 10036 | D:8      | Found an iron altar of Okawaru.
 10241 | D:8      | Noticed an orange crystal statue
 10254 | D:8      | Killed an orange crystal statue
 10254 | D:8      | Reached skill level 11 in Spellcasting
 10402 | D:8      | Found a shimmering altar of Xom.
 10403 | D:8      | Found a burning altar of Makhleb.
 10592 | D:8      | Noticed an obsidian statue
 10597 | D:8      | Noticed a smoke demon
 10660 | D:8      | Killed an obsidian statue
 10681 | D:8      | Got a jewelled leather armour
 10702 | D:8      | Reached ****** piety under Cheibriados
 10878 | D:9      | Identified the +1 leather armour of Space {rC+ rN+} (You found it on level 8 of the Dungeon)
 10925 | D:9      | Found a shattered altar of Ashenzari.
 10934 | D:9      | Learned a level 1 spell: Apportation
 10936 | D:9      | Learned a level 1 spell: Summon Butterflies
 11432 | D:9      | Found a glowing golden altar of the Shining One.
 11633 | D:9      | Reached skill level 5 in Transmutations
 11778 | D:10     | Entered Level 10 of the Dungeon
 11780 | D:10     | Found Norar's Magic Scroll Emporium.
 11787 | D:10     | Bought a scroll of identify for 20 gold pieces
 11787 | D:10     | Bought a scroll of identify for 20 gold pieces
 11787 | D:10     | Bought a scroll of identify for 20 gold pieces
 11787 | D:10     | Bought a scroll of identify for 20 gold pieces
 11791 | D:10     | Bought a scroll of identify for 20 gold pieces
 11791 | D:10     | Bought a scroll of identify for 20 gold pieces
 11791 | D:10     | Bought a scroll of identify for 20 gold pieces
 11853 | D:10     | Noticed Josephine
 11865 | D:10     | Reached skill level 12 in Spellcasting
 11965 | D:10     | Noticed a hill giant
 11972 | D:10     | Killed a hill giant
 12138 | D:11     | Found a staircase to the Lair.
 12140 | D:11     | Noticed an oklob plant
 12162 | D:11     | Noticed a purple ugly thing
 12172 | D:11     | Killed a purple ugly thing
 12172 | D:11     | Reached XP level 11. HP: 44/57 MP: 2/29
 12342 | D:12     | Noticed a brown ugly thing
 12347 | D:12     | Killed a brown ugly thing
 12696 | D:12     | Noticed a deep elf mage
 12701 | D:12     | Killed a deep elf mage
 12945 | D:12     | Noticed Frances
 13455 | D:10     | Killed Josephine
 13455 | D:10     | Reached skill level 13 in Spellcasting
 13466 | D:10     | Slain by a wraith

Skill      XL: |  1  2  3  4  5  6  7  8  9 10 11 |
---------------+----------------------------------+-----
Conjurations   | 5 6 7 8 9 10 11 | 11.9
Stealth        | 3 4 5 |  5.5
Spellcasting   | 4 6 7 9 10 12 13 | 13.0
Dodging        | 3 4 5 6 |  6.4
Fighting       | 1 2 |  2.4
Short Blades   | 1 |  1.1
Hexes          | 1 2 3 |  3.5
Armour         | 2 3 4 |  4.9
Transmutations | 3 5 6 |  6.5
Polearms       | |  0.7

Action                   |  1- 3 |  4- 6 |  7- 9 | 10-12 || total
-------------------------+-------+-------+-------+-------++-------
Melee: Short sword       |     1 |    23 |     6 |    18 ||    48
       Trident           |       |       |    24 |     3 ||    27
 Cast: Magic Dart        |    79 |    88 |   207 |   126 ||   500
       Searing Ray       |     4 |    11 |    27 |    37 ||    79
       Fulminant Prism   |       |     4 |    12 |    25 ||    41
       Iskenderun's Myst |       |     3 |    36 |    39 ||    78
       Summon Butterflie |       |       |       |     1 ||     1
  Use: Scroll            |     3 |     5 |       |    12 ||    20
       Potion            |       |     2 |       |     1 ||     3
 Stab: Sleeping          |       |     1 |       |     1 ||     2
  Eat: Chunk             |     4 |     7 |     7 |     5 ||    23
       Beef jerky        |       |       |     1 |       ||     1
Armor: Robe              |       |     9 |    20 |     4 ||    33
       Leather armour    |       |       |       |    19 ||    19
Dodge: Dodged            |     7 |    22 |    74 |    91 ||   194
